 Dungeon Crawl Stone Soup version 0.28-a0-1117-g0bdd5ba030 (webtiles) character file.

Game seed: 8145655353541317665

1184 spiderkeys the Skirmisher (level 8, -9/60 HPs)
             Began as a Djinni Abyssal Knight on Dec 11, 2021.
             Was a Priest of Lugonu.
             Mangled by a troll (10 damage)
             ... on level 6 of the Dungeon.
             The game lasted 00:08:54 (5892 turns).

spiderkeys the Skirmisher (Djinni Abyssal Knight)   Turns: 5892, Time: 00:08:55

Health: -9/60      AC:  9    Str: 12    XL:     8   Next: 70%
Gold:   303        EV: 13    Int: 15    God:    Lugonu [***...] SH:  0 Dex: 13

rFire   + . .      SeeInvis .   u - +1 hand axe (distort)
rCold   . . .      Faith    .   (no shield)
rNeg    . . .      Spirit   +   b - +0 leather armour
rPois   ∞          Reflect  .   y - +2 hat of the Bear Spirit {Spirit, *Rage Will++}
rElec   .          Harm     .   G - +0 cloak
rCorr   .          Rampage  .   c - +2 pair of gloves
Will    ++...      Rage     20% (boots unavailable)
Stlth   +.........              (no amulet)
HPRegen 0.20/turn               C - ring of ice
MPRegen 0.00/turn               (no ring)

@: flying
A: sickness immunity, fire resistance 2, cold vulnerability 1, float, innate
caster, hp casting, extra vitality 1
a: Renounce Religion, Depart the Abyss, Bend Space, Banish


You were on level 6 of the Dungeon.
You worshipped Lugonu.
Lugonu was most pleased with you.
You visited 1 branch of the dungeon, and saw 6 of its levels.
You visited the Abyss 1 time.
You also visited: Sewer.

You collected 303 gold pieces.


Innate Abilities, Weirdness & Mutations

You are immune to sickness and miasma.
You are immune to poison.
Your flesh is very heat resistant. (rF++)
You are vulnerable to cold. (rC-)
You float through the air rather than walking.
You learn spells naturally, not from books.
Your magical power is your life essence.
You have superior vitality. (+4 HP)


   Skills:
 + Level 5.5 Fighting
 - Level 2.7 Long Blades
 - Level 1.0 Armour
 + Level 5.5 Dodging
 * Level 5.0 Spellcasting
 - Level 1.7 Invocations


You had 11 spell levels left.
You knew the following spells:

 Your Spells              Type           Power      Damage    Failure   Level
c - Call Canine Familiar  Summ           18%        N/A       8%          3
e - Ensorcelled Hibernat  Hex/Ice        56%        N/A       4%          2
s - Slow                  Hex            72%        N/A       2%          1
Your spell library was empty.

Inventory:

Hand Weapons
 a - a +1 falchion
 d - a +3 short sword
   (You found it on level 2 of the Abyss)
 k - a +2 dagger of venom
   (You found it on level 2 of the Dungeon)
 r - a +0 rapier
   (You found it on level 5 of the Dungeon)
 u - a +1 hand axe of distortion (weapon)
   (You took it off an orc priest on level 3 of the Dungeon)
 x - a +1 short sword of freezing
   (You found it on level 4 of the Dungeon)
Missiles
 h - 251 stones
 i - 85 sling bullets
 j - 74 bolts
 m - 73 arrows
 s - 17 poisoned darts
 t - 2 javelins
Armour
 b - a +0 leather armour (worn)
 c - a +2 pair of gloves (worn)
   (You found it on level 1 of the Abyss)
 y - the +2 hat of the Bear Spirit (worn) {Spirit, *Rage Will++}
   (You found it on level 4 of the Dungeon)

   Going berserk makes the wearer tougher, and they're slowed less afterward.
   *Rage:     It berserks you when you make melee attacks (+20% chance).
   Will:      It greatly increases your willpower.
 G - a +0 cloak (worn)
   (You took it off Crazy Yiuf on level 5 of the Dungeon)
Magical Staves
 w - a staff of conjuration {!a}
   (You found it on level 4 of the Dungeon)
Jewellery
 C - a ring of ice (left hand)
   (You found it on level 2 of the Abyss)
Scrolls
 g - 5 scrolls of teleportation {@r4}
 o - a scroll of immolation {!r!r}
 q - a scroll of noise {!r}
 B - a scroll of fog
 F - a scroll of summoning
Potions
 e - 3 potions of heal wounds {unknown}
 f - 2 potions of curing {unknown}
 l - a potion of berserk rage {unknown}
 n - 3 potions of flight {unknown}
 p - 3 potions of might {unknown}
 v - a potion of brilliance {unknown}
 z - a potion of lignification {unknown}
 A - 2 potions of ambrosia {unknown}
 D - 3 potions of haste {unknown}
 E - 2 potions of magic {unknown}

Dungeon Overview and Level Annotations

Branches:
Dungeon (6/15)             Temple (0/1) D:6           Sewer (visited)

Altars:
Makhleb

Annotations:
Abyss:1 Pargi

## ###. ... #.##
.######.###.#
........@..#
######T#.## #.#.#
#.#.# #.#.# #.#.#
#.#.#
#.#############.#.#
#.......††........#


You could see a troll.


Message History

An iguana comes into view. 😕 HP[+1]
You hit the ogre.
Space warps around the ogre.
The ogre closely misses you.
You slash the ogre!
The ogre is devoured by a tear in reality.
Lugonu claims a new guest.
You see here an adder corpse.
Found a staircase to the Ecumenical Temple.
You feel a strong urge to attack something. 😕 HP[+1]
You hit the troll.
Space warps around the troll.
The troll barely misses you. The troll completely misses you.
The troll claws you. 😕 HP[-4]
You take 4 damage, and now have 111/120 hp.
You are no longer berserk.
You are exhausted.
You feel yourself slow down. The troll bites you but does no damage.
The troll barely misses you. The troll claws you! 😮 HP[-66]
You now have 60 max hp (-60).
You take 66 damage, and now have 45/60 hp.
MASSIVE DAMAGE!! (PAUSE)
You see here an adder corpse. 😕 HP[+1]
The iguana barely misses you.
You see here an adder corpse.
The iguana bites you. 😮 HP[-5]
You take 5 damage, and now have 41/60 hp.
The iguana hisses menacingly.
The iguana bites you but does no damage. 😮 HP[+1]
Found a stone staircase leading up.
The iguana bites you. 😮 HP[-5]
You take 5 damage, and now have 37/60 hp.
The iguana bites you but does no damage. 😮 HP[+1]
The iguana barely misses you. The iguana closely misses you.
There is a stone staircase leading up here. 😮 HP[+1]
You feel yourself speed up. The iguana misses you.
The iguana closely misses you.
You fly upwards.
There is a stone staircase leading down here.
You barely miss the iguana. The iguana barely misses you. 😮 HP[+1]
You hit the iguana.
Space warps horribly around the iguana!
The iguana barely misses you.
You hit the iguana.
Space warps around the iguana.
You kill the iguana!
Lugonu accepts your kill.
Your Spellcasting skill increases to level 5!
You start resting.
You recover from your berserk rage. 😎 HP[+20]
Your hp is fully restored (60).
You start waiting.
Done waiting.
There is a stone staircase leading down here.
You fly downwards.
The troll misses you. The troll claws you but does no damage.
The troll completely misses you. The troll bites you! The troll claws you!
The troll claws you.
There is a stone staircase leading up here. 😮 HP[-19]
You take 19 damage, and now have 41/60 hp.
MASSIVE DAMAGE!! (PAUSE)
You completely miss the troll. The troll bites you.
The troll barely misses you. The troll closely misses you.
You hit the troll but do no damage. The troll bites you. The troll misses you.
The troll claws you but does no damage. The troll bites you.
The troll closely misses you. The troll misses you. 😮 HP[-7]
You take 7 damage, and now have 34/60 hp.
You hit the troll.
Space warps horribly around the troll!!
The troll bites you!
* * * LOW HITPOINT WARNING * * *
The troll closely misses you. The troll claws you.
* * * LOW HITPOINT WARNING * * *
😨 HP[-12]
You take 12 damage, and now have 22/60 hp.
You hit the troll.
Space warps around the troll.
The troll barely misses you. The troll claws you.
* * * LOW HITPOINT WARNING * * *
The troll barely misses you. 😨 HP[-1]
You take 1 damage, and now have 21/60 hp.
You closely miss the troll. The troll bites you.
* * * LOW HITPOINT WARNING * * *
The troll barely misses you. The troll misses you.
You closely miss the troll. The troll bites you!
* * * LOW HITPOINT WARNING * * *
The troll barely misses you. The troll misses you. The troll bites you.
* * * LOW HITPOINT WARNING * * *
The troll claws you but does no damage. x2 😱 HP[-20]
You take 20 damage, and now have 1/60 hp.
MASSIVE DAMAGE!! (PAUSE)
You closely miss the troll. The troll barely misses you. The troll claws you!
You die...

Skill      XL: |  1  2  3  4  5  6  7  8 |
---------------+-------------------------+-----
Long Blades    | 2 |  2.7
Spellcasting   | 1 2 3 4 5 |  5.0
Dodging        | 3 4 5 |  5.5
Fighting       | 4 5 |  5.5
Armour         | |  1.0
Invocations    | |  1.7

Action                   |  1- 3 |  4- 6 |  7- 9 || total
-------------------------+-------+-------+-------++-------
Melee: Short sword       |    74 |       |       ||    74
       Falchion          |     4 |       |       ||     4
       Dagger            |    11 |    57 |       ||    68
       Hand axe          |       |    45 |   116 ||   161
 Cast: Ensorcelled Hiber |       |       |     1 ||     1
Invok: Depart the Abyss  |     1 |       |       ||     1
  Use: Scroll            |       |     3 |     2 ||     5
 Stab: Sleeping          |       |       |     1 ||     1
Armor: Leather armour    |    44 |    32 |    37 ||   113
Dodge: Dodged            |    90 |    76 |   113 ||   279

Levels and vault maps discovered:
D:1:      dpeg_arrival_solitude, layout_rooms
D:2:      layout_basic, basic_altar, shapermc_ecumenical_altar_rom_forum
D:3:      layout_loops_corners
D:4:      kennysheep_big_flooded_room, layout_cave_pools
D:5:      layout_loops_ring, portal_sewer_entry_d, uniq_crazy_yiuf_cottage
D:6:      layout_loops_ring, nicolae_overflows_in_rows,
          minmay_temple_entry_gardened_gates

Notes
Turn   | Place    | Note
-------+----------+-------------------------------------------
     0 | Abyss:1  | spiderkeys the Djinni Abyssal Knight began the quest for
                  | the Orb.
     0 | Abyss:1  | Reached XP level 1. HP: 20/20 MP: 0/0
     0 | Abyss:1  | magus.rc [v1.9.10]
    36 | Abyss:1  | Noticed a large abomination
    36 | Abyss:1  | Noticed a smoke demon
    36 | Abyss:1  | Noticed a ynoxinul
    51 | Abyss:2  | Noticed a ynoxinul
    84 | D:1      | You pass through the gate.
    84 | D:1      | Escaped the Abyss
   459 | D:1      | Reached XP level 2. HP: 25/25 MP: 0/0
   462 | D:1      | Reached skill level 2 in Long Blades
   558 | D:1      | Reached * piety under Lugonu
   627 | D:1      | Reached XP level 3. HP: 13/30 MP: 0/0
   627 | D:1      | Learned a level 1 spell: Slow
   628 | D:1      | Reached skill level 1 in Spellcasting
  1383 | D:2      | Found a faded altar of an unknown god.
  1399 | D:2      | Reached XP level 4. HP: 28/35 MP: 0/0
  1403 | D:2      | Got Plato's Incunabulum of Evil
  1539 | D:2      | Found a burning altar of Makhleb.
  2027 | D:3      | Noticed a scorpion
  2036 | D:3      | Killed a scorpion
  2037 | D:3      | Reached skill level 3 in Dodging
  2037 | D:3      | Reached skill level 2 in Spellcasting
  2037 | D:3      | Reached XP level 5. HP: 34/40 MP: 0/0
  2037 | D:3      | Learned a level 2 spell: Ensorcelled Hibernation
  2631 | D:3      | Reached ** piety under Lugonu
  2643 | D:3      | Reached XP level 6. HP: 16/47 MP: 0/0
  2947 | D:4      | Reached skill level 4 in Fighting
  3503 | D:4      | Noticed an ogre
  3509 | D:4      | Banished an ogre
  3510 | D:4      | Reached skill level 4 in Dodging
  3510 | D:4      | Reached skill level 3 in Spellcasting
  3510 | D:4      | Reached XP level 7. HP: 44/52 MP: 0/0
  3510 | D:4      | Learned a level 3 spell: Call Canine Familiar
  3850 | D:4      | Found the +2 hat of the Bear Spirit {Spirit, *Rage Will++}
  3975 | D:5      | Entered Level 5 of the Dungeon
  4173 | D:5      | Found a glowing drain.
  4184 | Sewer    | Entered a sewer
  4225 | Sewer    | Noticed Pargi
  4232 | Sewer    | Banished Pargi
  4444 | D:5      | Reached skill level 4 in Spellcasting
  4519 | D:5      | Reached XP level 8. HP: 58/58 MP: 0/0
  4555 | D:5      | Reached skill level 5 in Fighting
  4638 | D:5      | Reached skill level 5 in Dodging
  5050 | D:5      | Reached *** piety under Lugonu
  5179 | D:5      | Found a runed translucent door.
  5180 | D:5      | Noticed Crazy Yiuf
  5465 | D:5      | Killed Crazy Yiuf
  5658 | D:6      | Noticed a troll
  5663 | D:6      | Found a staircase to the Ecumenical Temple.
  5686 | D:5      | Reached skill level 5 in Spellcasting
  5891 | D:6      | HP: 6/60 [troll (15)]
  5891 | D:6      | HP: 1/60 [troll (5)]
  5892 | D:6      | Mangled by a troll

Vanquished Creatures
  A water moccasin (D:5)
  2 ogres
  2 scorpions
  Crazy Yiuf (D:5)
  A gnoll shaman (D:5)
  3 orc priests
  A bullfrog skeleton (D:5)
  2 iguanas (D:5)
  An orc wizard (D:3)
  A killer bee zombie (D:5)
  4 gnolls (D:5)
  10 adders
  An ufetubus (D:4)
  4 worms
  11 orcs
  9 ball pythons
  7 endoplasms
  2 giant cockroaches
  6 goblins
  5 hobgoblins
  4 jackals (D:1)
  3 quokkas
  6 bats
  9 frilled lizards
  5 kobolds
  3 rats
104 creatures vanquished.

Vanquished Creatures (others)
  3 plants (D:6)
3 creatures vanquished.

Grand Total: 107 creatures vanquished

Table legend:
 A = Non-vault XP
 B = Vault XP
 C = Vault XP percentage of total XP
 D = Non-vault monster count
 E = Vault monster count
 F = Vault count percentage of total count
                 A         B        C        D         E       F
            +---------+---------+-------+---------+---------+-------
      Total |    1375 |     317 |  18.7 |      98 |      12 |  10.9
            +---------+---------+-------+---------+---------+-------
        D:1 |      37 |       0 |   0.0 |      21 |       0 |   0.0
        D:2 |      40 |       0 |   0.0 |      16 |       0 |   0.0
        D:3 |     202 |       0 |   0.0 |      18 |       0 |   0.0
        D:4 |     287 |     124 |  30.2 |      17 |       2 |  10.5
        D:5 |     657 |      54 |   7.6 |      23 |       2 |   8.0
        D:6 |     152 |       0 |   0.0 |       3 |       0 |   0.0
      Sewer |       0 |     139 | 100.0 |       0 |       8 | 100.0
            +---------+---------+-------+---------+---------+-------

Illustrated notes

Table legend:
 A = Kills in this place as a percentage of kills in entire the game.
 B = Kills by you in this place as a percentage of kills by you in the entire game.
 C = Kills by friends in this place as a percentage of kills by friends in the entire game.
 D = Other kills in this place as a percentage of other kills in the entire game.
 E = Experience gained in this place as a percentage of experience gained in the entire game.
 F = Experience gained in this place divided by the number of levels of this place that you have seen.
                   A       B       C       D       E      F
               +-------+-------+-------+-------+-------+----------------------
         Total | 100.0 | 100.0 |   N/A | 100.0 | 100.0 | 188.0
       Dungeon |  92.7 |  93.3 |   N/A |  83.3 |  91.8 | 258.8
         Sewer |   7.3 |   6.7 |   N/A |  16.7 |   8.2 | 139.0
               +-------+-------+-------+-------+-------+----------------------

Table legend: (Time is in decaauts)
 A = Elapsed time spent in this place.
 B = Non-inter-level travel time spent in this place.
 C = Inter-level travel time spent in this place.
 D = Time resting spent in this place.
 E = Time spent auto-exploring this place.
 F = Levels seen in this place.
 G = Mean time per level.
                   A        B        C        D        E       F      G
               +--------+--------+--------+--------+--------+-----+--------+
         Total |   5995 |   5835 |    160 |    519 |   4250 |   9 |  666.1 |
       Dungeon |   5671 |   5511 |    160 |    519 |   4109 |   6 |  945.2 |
         Abyss |     84 |     84 |      0 |      0 |      6 |   2 |   42.0 |
         Sewer |    240 |    240 |      0 |      0 |    135 |   1 |  240.0 |
               +--------+--------+--------+--------+--------+-----+--------+

Top non-repeatable levels by time:
     D:5: 1636 daAuts
     D:3: 1238 daAuts
     D:1: 927 daAuts
     D:4: 906 daAuts
     D:2: 832 daAuts
   Sewer: 240 daAuts
     D:6: 129 daAuts
 Abyss:1: 47 daAuts
 Abyss:2: 37 daAuts
